 Dungeon Crawl Stone Soup version 0.20.0-10-g0535bb4 (console) character file.

2041 kerl the Sneak (level 9, -3/51 HPs)
             Began as a Halfling Enchanter on June 6, 2017.
             Was a Follower of Okawaru.
             Killed from afar by an orc wizard (6 damage)
             ... with a magic dart
             ... on level 6 of the Dungeon.
             The game lasted 00:33:00 (4611 turns).

kerl the Sneak (Halfling Enchanter)                 Turns: 4611, Time: 00:33:01

Health: -3/51      AC:  6    Str: 11    XL:     9   Next: 48%
Magic:  9/11       EV: 15    Int: 16    God:    Okawaru [*.....]
Gold:   353        SH:  0    Dex: 19    Spells: 2/11 levels left

rFire    . . .     SeeInvis .   a - +9 long sword {flame, Str+2 Dex+4}
rCold    . . .     Gourm    .   (shield restricted)
rNeg     . . .     Faith    .   i - +0 robe
rPois    .         Spirit   .   f - +0 helmet
rElec    .         Reflect  .   y - +2 cloak
rCorr    .         Harm     .   (no gloves)
MR       .....                  (no boots)
Stlth    ++++......             A - amulet of inaccuracy (curse)
Regen    0.2/turn               (no ring)
MPRegen  0.2/turn               (no ring)

@: no status effects
A: mutation resistance 1
a: Heroism, Renounce Religion


You were on level 6 of the Dungeon.
You worshipped Okawaru.
Okawaru was aware of your devotion.
You were near starving.

You visited 2 branches of the dungeon, and saw 7 of its levels.

You collected 353 gold pieces.

Inventory:

Hand Weapons
 a - the +9 long sword "Rugosixt" (weapon) {flame, Str+2 Dex+4}
   (You found it on level 5 of the Dungeon)

   It has been specially enchanted to burn those struck by it, causing extra
   injury to most foes and up to half again as much damage against particularly
   susceptible opponents.
   Big, fiery blades are also staple armaments of hydra-hunters.
   It affects your strength (+2).
   It affects your dexterity (+4).
 b - a +1 dagger
Missiles
 l - 2 needles of confusion
 m - 61 sling bullets
 r - 69 stones (quivered)
 D - 9 poisoned needles
 F - 4 curare-tipped needles
Armour
 f - a +0 helmet (worn)
 i - a +0 robe (worn)
 o - a +0 leather armour
 y - a +2 cloak (worn)
Jewellery
 e - an uncursed ring of teleportation
 n - an uncursed ring of ice
 A - a cursed amulet of inaccuracy (around neck)
Wands
 h - a wand of confusion (0/48)
Scrolls
 j - 2 scrolls of amnesia
 p - 3 scrolls of magic mapping
 s - 4 scrolls of teleportation
 v - a scroll of fear
 B - a scroll of recharging
 H - a scroll of noise {unknown}
Potions
 c - a potion of cancellation {unknown}
 q - 2 potions of ambrosia {unknown}
 t - a potion of brilliance {unknown}
 w - a potion of flight
 x - a potion of berserk rage {unknown}
 z - a potion of might
 J - 2 potions of curing
Books
 g - a book of Maledictions

   Spells                             Type                      Level
   a - Corona                         Hexes                        1
   b - Ensorcelled Hibernation        Hexes/Ice                    2
   c - Confuse                        Hexes                        3
   d - Tukima's Dance                 Hexes                        3
   e - Dazzling Spray                 Conjuration/Hexes            3
Comestibles
 d - 4 bread rations
 k - 4 meat rations
 u - a royal jelly


   Skills:
 + Level 6.5(6.7) Short Blades
 + Level 1.5(3.7) Long Blades
 - Level 2.1 Dodging
 + Level 7.5 Stealth
 - Level 1.5 Spellcasting
 * Level 7.0 Hexes
 + Level 3.4 Evocations


You had 2 spell levels left.
You knew the following spells:

 Your Spells              Type           Power        Failure   Level  Hunger
a - Corona                Hex            ###....      1%          1    ##.....
b - Ensorcelled Hibernat  Hex/Ice        ##....       8%          2    ###....
c - Confuse               Hex            ###.....     3%          3    ####...
d - Tukima's Dance        Hex            ###.....     3%          3    ####...


Dungeon Overview and Level Annotations

Branches:
Dungeon (6/15)             Temple (1/1) D:6

Altars:
Ashenzari
Cheibriados
Dithmenos
Elyvilon
Fedhas
Gozag
Hepliaklqana
Kikubaaqudgha
Makhleb
Nemelex Xobeh
Okawaru
Qazlal
Ru
Sif Muna
Trog
Uskayaw
Vehumet
Xom
Zin
The Shining One


Innate Abilities, Weirdness & Mutations

You are small and have problems with some larger weapons.
You are somewhat resistant to further mutation.


Message History

The orc priest hits you but does no damage.
The orc hits you with a mace.
Unknown command.
Unknown command.
You fail to use your ability.
The orc wizard hits you but does no damage.
The orc priest calls down the wrath of Beogh upon you.
Pain shoots through your body! The orc hits you with a mace!
Unknown command.
Unknown command.
You slash the orc priest! You burn the orc priest.
The orc priest is almost dead.
The orc wizard hits you but does no damage.
The orc priest mumbles some strange prayers to Beogh against you.
Beogh smites you!
* * * LOW HITPOINT WARNING * * *
The orc barely misses you. The orc wizard casts a spell at you.
The magic dart hits you!
You die...

......##.<.##...#..≈≈≈≈.#
.).........#....#.≈≈≈≈≈≈##
...........#....#..≈≈≈...#
........[..#........≈≈≈..#
...........#......)..P...#
.###'###...#.....#...#...#
###....#...#.....#..[...##
...8............oo...####
................@o...#
............#...##'###
............#...##...#
............#....#...#
............#....#...#
......##...##...##.o.#
#.....####'##...##o..#
#.....##...#....##.o.#
.......#...#....#....#


You could see an orc priest, an orc wizard and an orc.

Vanquished Creatures
  Sigmund (D:2)
  Edmund (D:6)
  An ice beast (D:5)
  A sky beast (D:5)
  A phantom (D:6)
  3 ogres
  Blork the orc (D:4)
  A water moccasin zombie (D:6)
  2 scorpions
  2 howler monkeys
  A crimson imp (D:5)
  2 bullfrog zombies (D:6)
  5 centaur zombies (D:6)
  An orc priest (D:4)
  A quasit (D:6)
  A bullfrog skeleton (D:6)
  3 hounds
  Crazy Yiuf (D:4)
  3 worker ants
  2 iguanas
  A killer bee zombie (D:6)
  3 hound zombies (D:6)
  A hound skeleton (D:6)
  4 worker ant zombies (D:6)
  3 howler monkey skeletons (D:6)
  5 gnolls
  8 adders
  An ooze (D:1)
  2 adder skeletons (D:6)
  A worm (D:2)
  4 dart slugs
  3 leopard geckos
  11 orcs
  3 giant cockroaches
  4 goblins
  8 hobgoblins
  6 kobolds
  2 quokkas (D:4)
  6 bats
  2 frilled lizards (D:1)
  3 jackal zombies
  2 leopard gecko skeletons (D:6)
  A quokka skeleton (D:4)
  A rat (D:1)
119 creatures vanquished.

Notes
Turn   | Place    | Note
-------+----------+-------------------------------------------
     0 | D:1      | kerl the Halfling Enchanter began the quest for the Orb.
     0 | D:1      | Reached XP level 1. HP: 11/11 MP: 3/3
   122 | D:1      | Reached XP level 2. HP: 17/17 MP: 4/4
   232 | D:1      | Learned a level 2 spell: Ensorcelled Hibernation
   289 | D:1      | Reached XP level 3. HP: 16/21 MP: 1/5
   734 | D:2      | Reached XP level 4. HP: 27/27 MP: 6/6
   802 | D:2      | Learned a level 3 spell: Confuse
   925 | D:2      | Noticed Sigmund
   979 | D:2      | Killed Sigmund
   979 | D:2      | Reached XP level 5. HP: 31/31 MP: 4/7
   979 | D:2      | Reached XP level 6. HP: 36/36 MP: 4/8
  1474 | D:3      | You fall through a shaft!
  1546 | D:4      | Reached skill level 5 in Stealth
  1820 | D:4      | Reached XP level 7. HP: 41/41 MP: 7/9
  1869 | D:4      | Noticed Blork the orc
  1882 | D:4      | Killed Blork the orc
  1916 | D:4      | Found a runed door.
  1920 | D:4      | Noticed Crazy Yiuf
  1924 | D:4      | Killed Crazy Yiuf
  2233 | D:5      | Entered Level 5 of the Dungeon
  2261 | D:5      | Reached skill level 5 in Hexes
  2343 | D:5      | Learned a level 3 spell: Tukima's Dance
  2645 | D:5      | Reached XP level 8. HP: 41/46 MP: 5/10
  2786 | D:5      | Reached skill level 1 in Evocations
  2790 | D:5      | Got a bloodstained long sword
  2920 | D:5      | Reached skill level 5 in Short Blades
  3623 | D:6      | Found a staircase to the Ecumenical Temple.
  3627 | Temple   | Entered the Ecumenical Temple
  3713 | Temple   | Became a worshipper of Warmaster Okawaru
  4068 | D:6      | Identified the +9 long sword "Rugosixt" {flame, Str+2 Dex+4} (You found it on level 5 of the Dungeon)
  4069 | D:6      | Reached XP level 9. HP: 46/51 MP: 6/11
  4192 | D:6      | Noticed Edmund
  4215 | D:6      | Killed Edmund
  4261 | D:6      | Reached * piety under Okawaru
  4261 | D:6      | Reached skill level 1 in Long Blades
  4611 | D:6      | Killed from afar by an orc wizard

Skill      XL: |  1  2  3  4  5  6  7  8  9 |
---------------+----------------------------+-----
Short Blades   | 2 3 4 5 6 |  6.5
Stealth        | 4 5 6 7 |  7.5
Hexes          | 3 4 5 6 7 |  7.0
Evocations     | 2 3 |  3.4
Long Blades    | 1 |  1.5
Dodging        | |  2.1
Spellcasting   | |  1.5

Action                   |  1- 3 |  4- 6 |  7- 9 || total
-------------------------+-------+-------+-------++-------
Melee: Dagger            |    71 |    81 |   190 ||   342
       Quarterstaff      |       |       |    16 ||    16
       Long sword        |       |       |    71 ||    71
 Fire: Hunting sling     |       |     3 |    31 ||    34
 Cast: Corona            |    17 |    13 |    14 ||    44
       Ensorcelled Hiber |     2 |    16 |    34 ||    52
       Confuse           |       |       |    29 ||    29
Evoke: Wand              |       |       |     3 ||     3
  Use: Potion            |       |     5 |     2 ||     7
       Scroll            |       |     8 |     1 ||     9
 Stab: Sleeping          |    12 |    16 |    23 ||    51
       Confused          |       |       |    18 ||    18
  Eat: Chunk             |       |     4 |    11 ||    15
       Fruit             |       |       |     4 ||     4
       Royal jelly       |       |       |     1 ||     1
Armor: Robe              |    10 |     5 |    48 ||    63
       Skin              |       |    21 |       ||    21
Dodge: Dodged            |    36 |    39 |   182 ||   257
       Rpst.: Long sword |       |       |    22 ||    22
